 Seeded DCSS version 0.31-a0-7-g51783674b7 (webtiles) character file.

Game seed: 10018769819784388575 (custom seed)

60208 Pimp the Frost Mage (level 15, -6/81 HPs)
             Began as a Kobold Conjurer on May 5, 2023.
             Was a High Priest of Dithmenos.
             Mangled by a death yak (7 damage)
             ... while petrified by a basilisk
             ... on level 4 of the Lair of Beasts.
             The game lasted 01:25:58 (19711 turns).

Pimp the Frost Mage (Kobold Conjurer)              Turns: 19711, Time: 01:26:00

Health: -6/81      AC:  8    Str:  4    XL:     15   Next: 37%
Magic:  24/27      EV:  3    Int: 20    God:    Dithmenos [*****.]
Gold:   1845       SH:  0    Dex: 21    Spells: 6/31 levels left

rFire   . . .        N - +9 short sword (speed)
rCold   . . .        (no shield)
rNeg    + + +        K - +1 robe of Vines {NoPotionHeal Regen++++}
rPois   ∞            t - +2 helmet {SInv}
rElec   .            p - +0 cloak
rCorr   .            (no gloves)
SInv    +            l - +0 pair of boots
Will    +....        (no amulet) Stlth *+++++++++
                     E - ring of poison resistance
HPRegen 3.53/turn    a - +5 ring of evasion
MPRegen 0.20/turn

%: no passive effects
@: petrified, wreathed by umbra
A: small, no large weapons, nightstalker 3, talons 1, frail 1, passive freeze
a: Renounce Religion, Shadow Step, Shadow Form


You were on level 4 of the Lair of Beasts.
You worshipped Dithmenos.
Dithmenos was extremely pleased with you.
You visited 4 branches of the dungeon, and saw 18 of its levels.
You also visited: Bailey.

You collected 1845 gold pieces.

Inventory:

Hand Weapons
 b - a +2 heavy short sword
 o - the +8 dagger of Rolakhle {vamp, Will++ Str+3}
   (You found it on level 5 of the Dungeon)

   Str:       It affects your strength (+3).
   Will:      It greatly increases your willpower.
 v - the +7 Throatcutter {drain, coup de grace}
   (You found it on level 6 of the Dungeon)
 N - a +9 short sword of speed (weapon)
Missiles
 q - 3 throwing nets
Armour
 l - a +0 pair of boots (worn)
 m - +1 steam dragon scales
 p - a +0 cloak (worn)
 s - a +0 troll leather armour
 t - a +2 helmet of see invisible (worn)
 z - the +8 chain mail "Wenetex" {Will+}
   (You found it in a bailey)

   Will:      It increases your willpower.
 K - the +1 robe of Vines (worn) {NoPotionHeal Regen++++}
   (You found it on level 1 of the Lair of Beasts)

   NoPotionHeal: Its wearer cannot be healed by potions.
   Regen:     It increases your rate of health regeneration.
Magical Staves
 g - a staff of poison
Jewellery
 a - a +5 ring of evasion (right hand)
 d - a ring of willpower
 i - a +4 ring of protection
 n - a ring of protection from fire
 u - a +4 ring of protection
 E - a ring of poison resistance (left hand)
 O - a ring of ice
 R - a +4 ring of protection
 X - a ring of ice
 Y - a +6 ring of intelligence
Wands
 e - a wand of mindburst (14) (quivered)
 f - a wand of charming (1)
 A - a wand of flame (15)
 F - a wand of acid (12)
 H - a wand of roots (9)
 M - a wand of polymorph (2)
Scrolls
 h - 7 scrolls of immolation
 j - 2 scrolls of noise
 k - 4 scrolls of identify
 y - 4 scrolls of vulnerability
 B - a scroll of enchant weapon
 G - a scroll of magic mapping
 J - a scroll of enchant armour
 Q - 2 scrolls of fear
 T - 2 scrolls of poison {unknown}
 V - a scroll of brand weapon
 W - a scroll of butterflies {unknown}
Potions
 c - 2 potions of resistance
 r - 2 potions of magic
 w - 3 potions of curing
 x - a potion of haste {unknown}
 C - 5 potions of mutation
 D - a potion of lignification
 I - a potion of flight
 P - a potion of ambrosia {unknown}
 S - a potion of invisibility {unknown}
 U - 2 potions of might
Miscellaneous
 L - a box of beasts


   Skills:
 + Level 9.0 Fighting
 + Level 10.5 Short Blades
 + Level 10.3 Dodging
 + Level 12.3 Stealth
 + Level 8.7 Spellcasting
 + Level 12.0 Conjurations
 * Level 13.5 Ice Magic
 - Level 3.4 Invocations
 + Level 5.5 Evocations


You had 6 spell levels left.
You knew the following spells:

 Your Spells              Type           Power      Damage    Failure   Level
a - Magic Dart            Conj           100%       1d8       1%          1
b - Searing Ray           Conj           100%       2d8       1%          2
c - Dazzling Flash        Conj/Hex       64%        N/A       1%          3
d - Mephitic Cloud        Conj/Pois/Air  24%        N/A       4%          3
e - Poisonous Vapours     Pois/Air       16%        N/A       12%         2
f - Ozocubu's Refrigerat  Ice            29%        4d13      26%         7
g - Tukima's Dance        Hex            8%         N/A       24%         3
h - Fulminant Prism       Conj/Hex       16%        3d11      7%          4

Your spell library contained the following spells:

 Spells                   Type           Power      Damage    Failure   Level
 Iskenderun's Mystic Bla  Conj/Tloc      32%        2d8       7%          4
 Freezing Cloud           Conj/Ice/Air   21%        6-21      7%          5
 Necrotise                Necr           32%        1d5       8%          1
 Sublimation of Blood     Necr           8%         N/A       12%         2
 Wereblood                Tmut           8%         N/A       12%         2
 Portal Projectile        Hex/Tloc       16%        N/A       24%         3
 Vampiric Draining        Necr           8%         2d6       24%         3
 Simulacrum               Ice/Necr       17%        N/A       58%         6
 Passage of Golubria      Tloc           8%         N/A       61%         4
 Agony                    Necr           8%         N/A       91%         5
 Blade Hands              Tmut           4%         N/A       91%         5
 Yara's Violent Unravell  Hex/Tmut       4%         3d4       91%         5
 Summon Hydra             Summ           4%         N/A       100%        7
 Polar Vortex             Ice            29%        N/A       100%        9


Dungeon Overview and Level Annotations

Branches:
Dungeon (10/15)            Temple (1/1) D:5            Lair (5/5) D:9
  Swamp (0/4) Lair:2        Snake (0/4) Lair:2          Orc (2/2) D:9
    Elf (0/3) Orc:2        Bailey (visited)
  Slime: Lair:4-5

Altars:
Ashenzari
Cheibriados
Dithmenos
Elyvilon
Fedhas
Gozag
Kikubaaqudgha
Makhleb
Nemelex Xobeh
Qazlal
Sif Muna
Uskayaw
Wu Jian
Xom
Yredelemnul
Zin

Shops:
D:3 =?   Orc:2 *?(=

Portals:
Pandemonium: Orc:2

Annotations:
D:8 4 runed translucent doors
D:10 1 runed translucent door, cheesebisquit's ghost, journeyman MfIE
Lair:4 3 runed translucent doors, themargong's ghost, journeyman TeAE


Innate Abilities, Weirdness & Mutations

You are small and have problems with some larger weapons.
You are completely attuned to the shadows.
You have sharp toenails.
You are frail. (-10% HP)
A frigid envelope surrounds you and freezes all who hurt you.


Message History

The basilisk is no longer blind.
The death yak gores you!!
The death yak is very cold.
The death yak is heavily wounded.
The death yak gores you!
The death yak is very cold.
The death yak is heavily wounded.
The basilisk gazes at you.
You easily resist.
The death yak gores you. The death yak gores you!!
* * * LOW HITPOINT WARNING * * *
The death yak is very cold.
The death yak is moderately wounded.
The death yak gores you but does no damage.
The death yak is very cold.
The death yak is severely wounded.
The death yak gores you but does no damage.
The death yak is very cold.
The death yak is heavily wounded.
The basilisk bites you!
* * * LOW HITPOINT WARNING * * *
The basilisk is very cold.
The basilisk seems to slow down.
The basilisk is heavily wounded.
The death yak gores you!!
* * * LOW HITPOINT WARNING * * *
The death yak is very cold.
The death yak is moderately wounded.
The death yak gores you.
* * * LOW HITPOINT WARNING * * *
The death yak is very cold.
The death yak is severely wounded.
The death yak gores you but does no damage.
The death yak is very cold.
The death yak is heavily wounded.
The basilisk barely misses you. The death yak gores you.
* * * LOW HITPOINT WARNING * * *
The death yak gores you!
* * * LOW HITPOINT WARNING * * *
The death yak is very cold.
The death yak is almost dead.
The death yak gores you!
You die...

.............## ###..##
.............## #P...#
.........#....### #...##
..........#.....## #...#
.........####..#.# #...##
.........# ##..## #.<..#
.........# #...######P..#####
.........# ##÷Yl...#........#
........## ##@Y........#P..#
........# ##.Y......#.##P.#
..#.....### #..........######
..........# ##.........P#
.........## ##..........##
..........###...........#
...........#............####
.#.........................##
####P............#.#......#.###


You could see 3 death yaks and a basilisk (slow).

Vanquished Creatures
  An orc warlord (Orc:1)
  Harold (D:10)
  Fannar (Orc:1)
  A demonspawn (Orc:2)
  5 hydras
  2 two-headed ogres (D:10)
  11 death yaks
  5 orc high priests (Orc:2)
  A soul eater (Orc:2)
  Amaemon (Lair:2)
  Sonja (Lair:4)
  A skyshark (Lair:4)
  A deep elf zephyrmancer (Bailey)
  5 orc knights
  5 orc sorcerers (Orc:2)
  An oklob plant (Lair:1)
  Maurice (Orc:1)
  An elephant (Lair:2)
  A torpor snail (Lair:5)
  4 black mambas
  11 cane toads
  A gargoyle (D:10)
  An orange demon (Orc:2)
  A kobold demonologist (D:10)
  A komodo dragon (Lair:1)
  4 polar bears
  2 trolls (Orc:2)
  A hellwing (Orc:2)
  12 blink frogs
  A wraith (D:10)
  Sigmund (D:4)
  A shadow (D:10)
  14 yaks
  6 wyverns
  A chaos spawn (Orc:2)
  A basilisk (Lair:1)
  2 steam dragons
  4 swamp worms (Lair:2)
  17 water moccasins
  34 orc warriors
  2 sky beasts
  3 black bears
  4 ogres
  3 centaurs
  2 phantoms
  2 kobold brigands
  2 gnoll sergeants (D:8)
  15 bullfrogs
  4 scorpions
  3 wights (D:8)
  10 killer bees
  3 howler monkeys (D:8)
  17 orc priests
  4 jellies
  Ijyb (D:4)
  Terence (D:3)
  2 iguanas (D:6)
  19 orc wizards
  Robin (D:4)
  10 adders
  4 white imps
  3 worms
  2 dart slugs
  54 orcs
  4 ball pythons
  8 endoplasms
  A giant cockroach (D:2)
  23 goblins
  8 hobgoblins
  2 jackals (D:2)
  6 quokkas
  7 bats
  2 frilled lizards
  10 kobolds
  6 rats
  A fulminant prism (Orc:2)
415 creatures vanquished.

Vanquished Creatures (collateral kills)
  An orc high priest (Orc:2)
  An orange demon (Lair:2)
2 creatures vanquished.

Vanquished Creatures (others)
  A wolf spider simulacrum (D:10)
  A wyvern (Lair:2)
  A bush (Lair:5)
  2 fulminant prisms
  18 fungi
  29 plants
  6 toadstools (D:5)
58 creatures vanquished.

Grand Total: 475 creatures vanquished

Notes
Turn   | Place    | Note
-------+----------+-------------------------------------------
     0 | D:1      | Pimp the Kobold Conjurer began the quest for the Orb.
     0 | D:1      | Reached XP level 1. HP: 10/10 MP: 3/3
   259 | D:1      | You fall into a shaft and drop 1 floor!
   281 | D:2      | Reached XP level 2. HP: 4/15 MP: 3/5
   410 | D:2      | Learned a level 2 spell: Searing Ray
  1071 | D:1      | Reached XP level 3. HP: 15/19 MP: 6/6
  1815 | D:2      | Learned a level 3 spell: Dazzling Flash
  1829 | D:2      | Reached XP level 4. HP: 24/24 MP: 5/8
  2604 | D:3      | Reached skill level 1 in Short Blades
  2956 | D:3      | Found Eceafing's Jewellery Boutique.
  3127 | D:3      | Noticed Terence
  3148 | D:3      | Killed Terence
  3149 | D:3      | Reached skill level 1 in Fighting
  3149 | D:3      | Reached XP level 5. HP: 19/29 MP: 1/9
  3248 | D:3      | Found The Oracle's Delphic Readings.
  3322 | D:4      | Noticed Robin
  3337 | D:4      | Killed Robin
  3450 | D:4      | Reached XP level 6. HP: 17/34 MP: 3/10
  3713 | D:4      | Noticed a black bear
  3754 | D:4      | Learned a level 3 spell: Mephitic Cloud
  3761 | D:4      | Killed a black bear
  3921 | D:4      | Noticed Sigmund
  3926 | D:4      | Noticed Ijyb
  3931 | D:4      | Killed Sigmund
  3932 | D:4      | Reached skill level 5 in Stealth
  3932 | D:4      | Reached skill level 5 in Conjurations
  3932 | D:4      | Reached XP level 7. HP: 40/40 MP: 1/12
  3961 | D:4      | Killed Ijyb
  4391 | D:4      | Noticed a steam dragon
  4397 | D:4      | Killed a steam dragon
  4689 | D:5      | Entered Level 5 of the Dungeon
  4693 | D:5      | Reached XP level 8. HP: 45/45 MP: 14/14
  4715 | D:5      | Identified the +8 dagger of Rolakhle {vamp, Will++ Str+3}
  4777 | D:5      | Found a staircase to the Ecumenical Temple.
  4790 | Temple   | Entered the Ecumenical Temple
  4874 | Temple   | Became a worshipper of Dithmenos the Shadowed
  4978 | D:5      | Reached skill level 5 in Dodging
  5164 | D:5      | Found a burning altar of Makhleb.
  5838 | D:6      | Found the +7 Throatcutter {drain, coup de grace}
  5936 | D:6      | Reached skill level 5 in Short Blades
  5936 | D:6      | Reached XP level 9. HP: 48/52 MP: 4/16
  6290 | D:6      | Reached skill level 5 in Spellcasting
  6763 | D:7      | Reached * piety under Dithmenos
  6877 | D:7      | Reached skill level 1 in Evocations
  6913 | D:7      | Reached skill level 1 in Invocations
  7517 | D:8      | Reached skill level 5 in Fighting
  7637 | D:8      | Found a huge runed translucent gate.
  7638 | D:8      | Noticed a polar bear
  7639 | D:8      | Noticed a polar bear
  7738 | D:8      | Reached XP level 10. HP: 40/59 MP: 9/18
  7832 | D:8      | Found a huge runed translucent gate.
  7833 | D:8      | Found a huge runed translucent gate.
  7833 | D:8      | Noticed a death yak
  7833 | D:8      | Noticed a death yak
  7834 | D:8      | Found a huge runed translucent gate.
  7836 | D:8      | Noticed a manticore
  7868 | D:8      | Found a flagged portal.
  7889 | Bailey   | Entered a bailey
  7915 | Bailey   | Learned a level 2 spell: Poisonous Vapours
  7939 | Bailey   | Noticed a deep elf zephyrmancer
  7940 | Bailey   | Found a large runed translucent door.
  7947 | Bailey   | Found a large runed translucent door.
  7952 | Bailey   | Noticed an orc knight
  8072 | Bailey   | Killed an orc knight
  8072 | Bailey   | Reached ** piety under Dithmenos
  8285 | Bailey   | Gained mutation: You are frail. (-10% HP) [potion of
                  | mutation]
  8285 | Bailey   | Gained mutation: A frigid envelope surrounds you and
                  | freezes all who hurt you. [potion of mutation]
  8285 | Bailey   | Gained mutation: You have sharp toenails. [potion of
                  | mutation]
  8301 | Bailey   | Killed a deep elf zephyrmancer
  8312 | Bailey   | Identified the +0 pair of gloves "Tevuacol" {Will+ SInv
                  | Stlth-}
  8322 | Bailey   | Identified the +8 chain mail "Wenetex" {Will+}
  8620 | D:8      | Learned a level 7 spell: Ozocubu's Refrigeration
  8620 | D:8      | Reached skill level 7 in Ice Magic
  8620 | D:8      | Reached XP level 11. HP: 57/57 MP: 20/20
  8621 | D:8      | Reached skill level 10 in Conjurations
  8621 | D:8      | Reached skill level 10 in Ice Magic
  8621 | D:8      | Reached XP level 12. HP: 62/62 MP: 21/21
  8942 | D:9      | Found a staircase to the Lair.
  9094 | D:9      | Found a staircase to the Orcish Mines.
  9166 | D:9      | Found a broken altar of Ashenzari.
  9783 | D:10     | Entered Level 10 of the Dungeon
  9903 | D:10     | Noticed a skeletal warrior
  9905 | D:10     | Noticed cheesebisquit's ghost (journeyman MfIE)
  9910 | D:10     | Noticed Harold
  9923 | D:10     | Killed Harold
  9982 | D:10     | Noticed a two-headed ogre
  9990 | D:10     | Killed a two-headed ogre
  9991 | D:10     | Reached skill level 11 in Ice Magic
  9991 | D:10     | Reached XP level 13. HP: 66/66 MP: 19/22
 10453 | D:10     | Found a runed translucent door.
 10454 | D:10     | Found a runed translucent door.
 10463 | D:10     | Noticed a lich
 10662 | Orc:1    | Entered Level 1 of the Orcish Mines
 10676 | Orc:1    | Noticed Maurice
 10695 | Orc:1    | Killed Maurice
 10804 | Orc:1    | Noticed Fannar
 10810 | Orc:1    | Killed Fannar
 10817 | Orc:1    | Reached *** piety under Dithmenos
 10887 | Orc:1    | Noticed an orc warlord
 11084 | Orc:1    | Killed an orc warlord
 11257 | Orc:1    | Found a shimmering blue altar of Sif Muna.
 11381 | Orc:2    | Entered Level 2 of the Orcish Mines
 11456 | Orc:2    | Found a staircase to the Elven Halls.
 11882 | Orc:2    | Reached skill level 10 in Stealth
 12239 | Orc:2    | Found Qeqalem's General Store.
 12313 | Orc:2    | Learned a level 3 spell: Tukima's Dance
 12318 | Orc:2    | Learned a level 4 spell: Fulminant Prism
 12891 | Orc:2    | Found Ured's Magic Scroll Shop.
 12969 | Orc:2    | Reached **** piety under Dithmenos
 13773 | Orc:2    | Reached skill level 12 in Ice Magic
 13859 | Orc:2    | Paralysed by an orc sorcerer for 4 turns
 13867 | Orc:2    | Found Lext's Jewellery Shoppe.
 13867 | Orc:2    | Found Linuulit's Antique Weapon Emporium.
 13867 | Orc:2    | Noticed a demonspawn
 13889 | Orc:2    | Killed a demonspawn
 13890 | Orc:2    | Reached XP level 14. HP: 64/73 MP: 18/25
 13913 | Orc:2    | Found a one-way gate leading to the halls of Pandemonium.
 14245 | Lair:1   | Entered Level 1 of the Lair of Beasts
 14958 | Lair:1   | Found the +1 robe of Vines {NoPotionHeal Regen++++}
 15941 | Lair:2   | Found a staircase to the Snake Pit.
 15962 | Lair:2   | Noticed Amaemon
 15992 | Lair:2   | Killed Amaemon
 16012 | Lair:2   | Reached ***** piety under Dithmenos
 16904 | Lair:2   | Found a staircase to the Swamp.
 17024 | Lair:3   | Reached skill level 13 in Ice Magic
 18114 | Lair:4   | Noticed Sonja
 18118 | Lair:4   | Killed Sonja
 18119 | Lair:4   | Reached skill level 10 in Short Blades
 18255 | Lair:4   | Found a runed translucent gate.
 18279 | Lair:4   | Found a runed translucent gate.
 18280 | Lair:4   | Found a runed translucent gate.
 18280 | Lair:4   | Noticed an acid blob
 18280 | Lair:4   | Noticed an acid blob
 18280 | Lair:4   | Noticed an azure jelly
 18280 | Lair:4   | Noticed themargong's ghost (journeyman TeAE)
 18280 | Lair:4   | Noticed an acid blob
 18281 | Lair:4   | Noticed a rockslime
 18281 | Lair:4   | Noticed an acid blob
 18498 | Lair:4   | Reached skill level 10 in Dodging
 18520 | Lair:4   | Reached XP level 15. HP: 80/80 MP: 17/27
 19176 | Lair:5   | Entered Level 5 of the Lair of Beasts
 19260 | Lair:4   | Reached skill level 5 in Evocations
 19711 | Lair:4   | HP: 1/81 [death yak (8)]
 19711 | Lair:4   | Mangled by a death yak

Illustrated notes

Levels and vault maps discovered:
D:1:      moated_graveyard_arrival, layout_basic, st_stairs_8
D:2:      layout_loops_ring, item_on_display_a
D:3:      layout_loops_cross, serial_shops, shop, nicolae_nh_oracle_at_delphi,
          uniq_terence
D:4:      layout_loops_cross, fountainhead, fountainhead, uniq_ijyb, uniq_robin,
          uniq_sigmund
D:5:      layout_rooms, bloody_makhleb, minmay_temple_entry_antechambers,
          minmay_gold_behind_fungi
D:6:      layout_loops_corners, minmay_microvault
D:7:      layout_cave_pools
D:8:      lemuel_bear_cage, layout_gridville, enter_bailey_3,
          minmay_joined_circles
D:9:      nicolae_BIG_FREAKIN_CUBE, layout_loops_ring,
          nicolae_ashenzari_skybound, orc_0_dummy, item_on_display_a
D:10:     layout_basic, muffindrake_ghost_dual_entry, uniq_harold
Temple:   nicolae_temple_bog_church
Lair:1:   layout_loops_ring, dreamdust_mushroom_princess,
          hellmonk_guarded_unrand_vines
Lair:2:   layout_hall_layers, palyth_hydra_swamp_entry, dummy_snake_entry,
          st_stairs_9, chequers_serial_rivers_small_3, serial_bayou_shore_b,
          uniq_amaemon
Lair:3:   layout_misc_corridors, serial_forest, infiniplex_forest_lined_2,
          infiniplex_forest_end_2, infiniplex_forest_end_2,
          infiniplex_forest_straight_4, infiniplex_forest_clump_large,
          infiniplex_forest_corner_1, infiniplex_forest_lined_corner,
          infiniplex_forest_lined_3, infiniplex_forest_clump_diagonal,
          lemuel_fruit_tree
Lair:4:   layout_layer_cave, gammafunk_ghost_ooze, st_stairs_6,
          beast_lair_carwin_3, uniq_sonja
Lair:5:   hellmonk_lair_end_abyssal_woods, layout_hall_layers,
          nicolae_slime_entry_slimehenge, chequers_serial_rivers_marsh
Orc:1:    layout_caves, serial_shops, shop, led_sif_book, uniq_maurice,
          uniq_fannar
Orc:2:    pf_orc_diabolical, layout_caves

Skill      XL: |  1  2  3  4  5  6  7  8  9 10 11 12 13 14 15 |
---------------+----------------------------------------------+-----
Stealth        | 3 4 5 6 8 9 10 11 12 | 12.3
Dodging        | 3 4 5 6 7 8 10 | 10.3
Short Blades   | 1 2 3 5 6 7 8 10 | 10.5
Fighting       | 1 2 4 5 6 7 8 9 |  9.0
Spellcasting   | 3 4 5 6 7 8 |  8.7
Conjurations   | 5 6 9 10 11 12 | 12.0
Evocations     | 2 3 4 5 |  5.5
Invocations    | 2 3 |  3.4
Ice Magic      | 7 10 11 12 13 | 13.5

Action                     |  1- 3 |  4- 6 |  7- 9 | 10-12 | 13-15 || total
---------------------------+-------+-------+-------+-------+-------++-------
  Melee: Unarmed           |    13 |       |       |       |       ||    13
         Short sword       |    35 |    68 |    30 |       |   811 ||   944
         Punch             |       |     1 |     2 |     4 |    17 ||    24
         Dagger            |       |       |   113 |   139 |    53 ||   305
         Long sword        |       |       |     6 |     1 |       ||     7
         Kick              |       |       |       |     1 |       ||     1
   Cast: Magic Dart        |    23 |     1 |       |     1 |    12 ||    37
         Searing Ray       |     8 |    14 |    19 |     3 |     5 ||    49
         Mephitic Cloud    |       |     1 |     2 |     9 |    59 ||    71
         Dazzling Flash    |       |       |     4 |       |    44 ||    48
         Poisonous Vapours |       |       |       |     6 |     2 ||     8
         Fulminant Prism   |       |       |       |       |     3 ||     3
         Tukima's Dance    |       |       |       |       |     2 ||     2
  Evoke: Wand              |       |       |       |     1 |       ||     1
         Box of beasts     |       |       |       |       |     1 ||     1
    Use: Potion            |     1 |       |     4 |    10 |     5 ||    20
         Scroll            |       |     9 |     4 |    10 |     6 ||    29
   Stab: Sleeping          |    13 |    10 |    30 |    15 |    40 ||   108
         Confused          |       |       |     1 |     5 |    42 ||    48
         Invisible         |       |       |     1 |       |    43 ||    44
         Distracted        |       |       |     1 |       |     5 ||     6
 Armour: Robe              |     6 |    13 |       |       |    29 ||    48
         Leather armour    |       |     9 |     4 |       |       ||    13
         Steam dragon scal |       |       |    48 |    21 |    31 ||   100
  Dodge: Dodged            |    56 |    73 |   149 |    98 |   563 ||   939

Table legend: (Time is in decaauts)
 A = Elapsed time spent in this place.
 B = Non-inter-level travel time spent in this place.
 C = Inter-level travel time spent in this place.
 D = Time resting spent in this place.
 E = Time spent auto-exploring this place.
 F = Levels seen in this place.
 G = Mean time per level.
                   A        B        C        D        E       F      G
               +--------+--------+--------+--------+--------+-----+--------+
         Total |  19130 |  18146 |    984 |   3559 |  10559 |  19 | 1006.8 |
       Dungeon |  10293 |   9896 |    397 |   1955 |   6076 |  10 | 1029.3 |
        Temple |    103 |     86 |     17 |     28 |     41 |   1 |  103.0 |
          Lair |   5012 |   4770 |    242 |    456 |   3485 |   5 | 1002.4 |
  Orcish Mines |   3247 |   2919 |    328 |    992 |    957 |   2 | 1623.5 |
        Bailey |    473 |    473 |      0 |    127 |      0 |   1 |  473.0 |
               +--------+--------+--------+--------+--------+-----+--------+

Top non-repeatable levels by time:
   Orc:2: 2658 daAuts
     D:1: 1493 daAuts
  Lair:4: 1471 daAuts
     D:4: 1381 daAuts
  Lair:2: 1317 daAuts
     D:9: 1220 daAuts
     D:6: 1170 daAuts
  Lair:1: 1143 daAuts
     D:8: 949 daAuts
     D:2: 940 daAuts
     D:3: 870 daAuts
    D:10: 811 daAuts
  Lair:3: 806 daAuts
     D:7: 755 daAuts
     D:5: 704 daAuts
